AoeStats
← Erickinio

Black Forest

508314432Analyzed
4v4 RM · 10d ago on Sep 21, 2026· 44m 48s· 8 players
Game mode
Random Map
Map size
Large (8 player)
Population
200
Speed
Normal
Resources
Standard
Victory
Conquest
Starting age
Dark Age
Ending age
Imperial Age
RankedLock teamsTeams togetherTeam positionsShared explorationLock speedFull tech treeHidden civsTurbo modeCheats
Victory
Defeat
🇹🇷 Slavs · Türkiye
899
+3
🇹🇷 Mongols · Türkiye
899
+2
🇲🇽 Persians · Mexico
871
+4
🇩🇪 Ethiopians · Germany
798
+5
🇦🇷 Celts · Argentina
763
-9
🇺🇸 Teutons · United States
381
-1
🇦🇷 Chinese · Argentina
346
-2
🇺🇸 Celts · United States
336
-2
Ben FineGold
0:51 Loom
Apexius
0:39 Loom
11:54 Feudal Age
12:41 Horse Collar
14:43 Wheelbarrow
14:16 Double-Bit Axe
17:24 Gold Mining
17:25 Stone Mining
23:25 Castle Age
24:32 Hand Cart
26:34 Heavy Plow
28:58 Stone Shaft Mining
28:33 Fletching
30:39 Ballistics
30:30 Fortified Wall
30:32 Masonry
29:55 Pikeman
31:15 Forging
31:06 Scale Mail Armor
31:06 Bodkin Arrow
31:12 Padded Archer Armor
31:18 Scale Barding Armor
33:55 Bloodlines
34:54 Squires
41:56 Imperial Age
Erickinio
0:40 Loom
13:25 Feudal Age
16:19 Double-Bit Axe
18:14 Man-at-Arms
18:43 Arson
23:03 Forging
26:17 Castle Age
25:42 Scale Mail Armor
26:21 Long Swordsman
26:47 Gambesons
27:56 Gambesons
29:50 Wheelbarrow
30:45 Horse Collar
31:34 Gold Mining
31:35 Stone Mining
34:18 Bow Saw
ElRompePañal
0:30 Loom
20:02 Feudal Age
21:37 Wheelbarrow
22:06 Horse Collar
24:38 Castle Age
26:20 Hand Cart
26:41 Stone Mining
26:40 Double-Bit Axe
26:58 Heavy Plow
27:44 Husbandry
32:05 Padded Archer Armor
36:44 Leather Archer Armor
36:20 Fletching
36:57 Gold Mining
38:55 Gold Shaft Mining
41:47 Imperial Age
39:19 Bodkin Arrow
kilon_lopez
5:00 Loom
10:31 Feudal Age
14:38 Castle Age
12:48 Double-Bit Axe
15:29 Wheelbarrow
16:41 Wheelbarrow
21:05 Bow Saw
20:39 Horse Collar
20:54 Town Watch
23:16 Bloodlines
23:13 Husbandry
23:36 Husbandry
25:26 Scale Barding Armor
25:31 Forging
25:26 Scale Barding Armor
26:05 Forging
28:59 Kamandaran
29:24 Chain Barding Armor
29:40 Iron Casting
28:56 Fletching
29:12 Padded Archer Armor
31:03 Thumb Ring
30:20 Crossbowman
34:55 Imperial Age
32:41 Hand Cart
34:09 Town Patrol
33:39 Light Cavalry
36:34 Cavalier
38:20 Savar
38:25 Hussar
40:51 Chemistry
40:19 Ballistics
41:15 Plate Barding Armor
41:40 Blast Furnace
40:36 Bodkin Arrow
41:52 Spies/Treason
Neshandra
0:30 Loom
14:17 Feudal Age
15:48 Wheelbarrow
14:56 Horse Collar
15:04 Double-Bit Axe
22:31 Castle Age
22:39 Scale Barding Armor
23:45 Hand Cart
23:48 Heavy Plow
24:00 Bow Saw
24:49 Hand Cart
24:47 Stone Mining
25:18 Gold Mining
26:18 Forging
27:54 Iron Casting
33:51 Imperial Age
31:54 Detinets
32:06 Husbandry
33:33 Gold Shaft Mining
33:13 Bloodlines
36:15 Chain Barding Armor
36:56 Blast Furnace
36:17 Elite Boyar
37:38 Conscription
36:54 Light Cavalry
37:37 Squires
36:58 Pikeman
37:51 Caravan
39:13 Druzhina
40:51 Plate Barding Armor
40:17 Scale Mail Armor
44:48 Crop Rotation
Kassiber
13:44 Feudal Age
17:50 Castle Age
15:54 Horse Collar
16:02 Double-Bit Axe
19:44 Wheelbarrow
20:06 Heavy Plow
20:19 Bow Saw
22:27 Gold Mining
24:46 Light Cavalry
26:11 Gold Shaft Mining
25:30 Stone Mining
28:30 Hand Cart
31:46 Imperial Age
30:28 Fletching
31:02 Ballistics
32:07 Stone Shaft Mining
33:48 Chemistry
32:44 Murder Holes
33:00 Fortified Wall
32:58 Caravan
33:14 Bodkin Arrow
33:56 Conscription
33:37 Torsion Engines
35:30 Two-Man Saw
35:49 Crossbowman
36:35 Thumb Ring
36:32 Bracer
36:33 Padded Archer Armor
37:10 Husbandry
36:30 Hussar
37:33 Royal Heirs
37:11 Arbalester
38:04 Forging
38:00 Scale Barding Armor
39:22 Iron Casting
38:11 Cavalier
40:13 Chain Barding Armor
40:07 Elite Skirmisher
43:41 Blast Furnace
42:57 Leather Archer Armor
44:26 Squires
44:12 Arson
43:48 Halberdier
44:32 Scale Mail Armor
43:56 Spies/Treason
Exec.
1:12 Loom
13:41 Feudal Age
14:09 Horse Collar
14:18 Double-Bit Axe
18:51 Castle Age
19:48 Bow Saw
19:41 Heavy Plow
21:42 Wheelbarrow
26:24 Gold Mining
26:26 Stone Mining
29:02 Fletching
29:12 Padded Archer Armor
31:37 Gold Shaft Mining
31:38 Stone Shaft Mining
31:10 Bodkin Arrow
31:31 Leather Archer Armor
34:50 Imperial Age
33:24 Nomads
33:45 Hand Cart
35:26 Elite Mangudai
36:27 Conscription
36:45 Hoardings
37:22 Drill
37:01 Onager
38:37 Bracer
38:43 Scale Barding Armor
41:00 Chemistry
40:06 Siege Engineers
43:18 Spies/Treason
Connection lost

Rejoining the realm…

Still unreachable

The connection could not be restored.

Session expired

The server has moved on; the page needs a fresh start.